 Dungeon Crawl Stone Soup version 0.29.1-1-gd02db69 (webtiles) character file.

Game seed: 10756776456314798916

325106 Kel the Slayer (level 21, 0/135 HPs)
             Began as a Gargoyle Berserker on Nov 26, 2022.
             Was a High Priest of Trog.
             Splashed by an acid blob's acid (8 damage)
             ... created by the Royal Jelly
             ... on level 5 of the Pits of Slime.
             The game lasted 02:12:55 (45658 turns).

Kel the Slayer (Gargoyle Berserker)                Turns: 45658, Time: 02:12:55

Health: 0/135      AC: 26    Str: 45      XL:     21   Next: 61%
Magic:  0/18       EV: 17    Int:  9 (10) God:    Trog [*****.]
Gold:   2444       SH:  0    Dex:  9      Spells: 20/20 levels left

rFire   + . .      SeeInvis .   S - +7 executioner's axe (vamp)
rCold   . . .      Faith    .   (shield currently unavailable)
rNeg    + . .      Spirit   +   L - +9 shadow dragon scales of the Butterfly {+Blink Regen+ Str+7 Dex-2 Stlth++++}
rPois   ∞          Reflect  .   U - +0 helmet
rElec   +          Harm     .   Q - +2 cloak {Stlth+}
rCorr   .          Rampage  .   F - +0 pair of gloves
Will    +....                   v - +1 pair of boots of Pidghemo {Str+4}
Stlth   ++++......              o - amulet of guardian spirit
HPRegen 1.12/turn               n - ring "Xoturu" {rF+ Str+6 Stlth+}
MPRegen 0.16/turn               h - +4 ring of evasion

@: confused, corroded, on berserk cooldown, flying, slowed, very slow
A: sickness immunity, AC +16, big wings, negative energy resistance 1,
electricity resistance, torment resistance 1, petrification resistance, frail 1,
low MP 1
}: 2/15 runes: decaying, gossamer
a: Renounce Religion, Evoke Blink, Berserk, Trog's Hand, Brothers in Arms


You were on level 5 of the Pits of Slime.
You worshipped Trog.
Trog was extremely pleased with you.
You visited 7 branches of the dungeon, and saw 39 of its levels.
You visited the Abyss 1 time.
You also visited: Bailey, Gauntlet and Ice Cave.

You collected 5345 gold pieces.
You spent 2901 gold pieces at shops.

Inventory:

Hand Weapons
 K - a +4 battleaxe of flaming
 S - a +7 vampiric executioner's axe (weapon)
Armour
 t - a +0 kite shield of reflection
 v - the +1 pair of boots of Pidghemo (worn) {Str+4}
   (You found it on level 6 of the Dungeon)

   Str:       It affects your strength (+4).
 F - a +0 pair of gloves (worn)
 L - the +9 shadow dragon scales of the Butterfly (worn) {+Blink Regen+ Str+7 Dex-2 Stlth++++}
   (You bought it in a shop on level 4 of the Depths)

   Str:       It affects your strength (+7).
   Dex:       It affects your dexterity (-2).
   +Blink:    It lets you blink.
   Regen:     It increases your rate of health regeneration.
   Stlth:     It makes you much more stealthy.
 Q - a +2 cloak of stealth (worn)
 U - a +0 helmet (worn)
 Z - a scarf of resistance
Jewellery
 b - an amulet of regeneration
 g - a ring of willpower
 h - a +4 ring of evasion (right hand)
 n - the ring "Xoturu" (left hand) {rF+ Str+6 Stlth+}
   (You found it on level 1 of the Orcish Mines)

   [ring of strength]

   Str:       It affects your strength (+6).
   rF:        It protects you from fire.
   Stlth:     It makes you more stealthy.
 o - an amulet of guardian spirit (around neck)
 r - a +4 ring of slaying
 y - a ring of fire
 A - a ring of resist corrosion
 D - a +6 ring of dexterity
 W - a ring of ice
 Y - a +4 ring of protection
Wands
 a - a wand of mindburst (4)
 d - a wand of flame (38)
 f - a wand of polymorph (18)
 s - a wand of digging (9)
 B - a wand of light (21)
 E - a wand of iceblast (44)
 J - a wand of paralysis (29)
Scrolls
 j - 2 scrolls of teleportation
 k - 4 scrolls of magic mapping
 l - 2 scrolls of enchant weapon
 u - 2 scrolls of butterflies
 w - 2 scrolls of silence
 C - 7 scrolls of poison
 M - 4 scrolls of enchant armour
Potions
 i - 5 potions of cancellation
 p - 6 potions of mutation
 q - 8 potions of lignification
 x - 3 potions of invisibility
 z - 2 potions of berserk rage
 G - 2 potions of haste
 H - 4 potions of magic
 I - 2 potions of resistance
 R - 5 potions of might
 X - 8 potions of ambrosia
Miscellaneous
 c - a box of beasts
 e - a box of beasts
 T - a piece from Xom's chessboard (15/15)


   Skills:
 + Level 22.3 Fighting
 + Level 20.9 Axes
 + Level 22.2 Armour
 * Level 10.4 Dodging


You had 20 spell levels left.
You didn't know any spells.
Your spell library was empty.

Dungeon Overview and Level Annotations

Branches:
Dungeon (15/15)            Temple (0/1) D:7            Lair (5/5) D:9
  Swamp (4/4) Lair:2       Spider (4/4) Lair:2        Slime (5/5) Lair:4
    Orc (2/2) D:11            Elf (0/3) Orc:2        Vaults (0/5) D:13
 Depths (4/4) D:15            Zot (0/5) Depths:4     Bailey (visited)
  IceCv (visited)         Gauntlet (visited)

Altars:
Cheibriados
Elyvilon
Fedhas
Hepliaklqana
Kikubaaqudgha
Nemelex Xobeh
Okawaru
Qazlal
Sif Muna
Trog
Uskayaw
Vehumet
Wu Jian
Yredelemnul
The Shining One
Jiyva

Shops:
D:2 (   D:9 (   D:11 [   D:13 (   Orc:2 [(:[!   Depths:4 [:[

Portals:
Hell: Depths:1 Depths:2 Depths:3 Depths:4
Abyss: Depths:1 Depths:2 Depths:3 Depths:4
Pandemonium: Depths:2
Ziggurat: Depths:4

Annotations:
Lair:3 exclusion: oklob plant
Swamp:3 Roxanne
Slime:5 Royal Jelly
Depths:2 exclusion: orange crystal statue
Depths:3 2 transporters, Oxim Yjo's ghost, legendary MiBe


Innate Abilities, Weirdness & Mutations

You are immune to sickness and miasma.
Your stone body is resilient. (AC +16)
You are immune to poison.
Your large and strong wings let you fly.
You resist negative energy. (rN+)
You are resistant to electric shocks. (rElec)
You are resistant to unholy torment.
You are immune to petrification.
You are frail. (-10% HP)
Your magical capacity is low. (-10% MP)


Message History

The great orb of eyes gazes at you.
You easily resist.
The glowing orange brain pulsates.
You feel dopey. Something feeds on your intellect! The acid blob hits you.
You are splashed with acid.
There is a stone staircase leading up here.
The acid blob hits you.
You are splashed with acid!
The rockslime hits you!!
You are shoved backwards!
You stop ascending the stairs.
A slime creature comes into view.
The acid blob hits you. The acid corrodes you!
You are splashed with acid.
* * * LOW HITPOINT WARNING * * *
The rockslime misses you. The rockslime barely misses you.
The acid blob hits you.
* * * LOW HITPOINT WARNING * * *
You are splashed with acid!
* * * LOW HITPOINT WARNING * * *
The acid blob completely misses you.
The slime creature hits you but does no damage.
The slime creature moves out of view.
A slime creature comes into view.
Okay, then.
Okay, then.
You feel better. The rockslime misses you. The rockslime barely misses you.
The acid blob misses you. The acid blob hits you!
* * * LOW HITPOINT WARNING * * *
The acid corrodes you!
You are splashed with acid!
* * * LOW HITPOINT WARNING * * *
The glowing orange brain pulsates.
You are confused.
The glowing orange brain pulsates.
You resist with almost no effort. The slime creature hits you.
* * * LOW HITPOINT WARNING * * *
Two slime creatures merge to form a large slime creature.
The slime creature misses you. The rockslime barely misses you.
The rockslime hits you but does no damage.
The acid blob hits you!
* * * LOW HITPOINT WARNING * * *
You are splashed with acid!
You die...

### ##### #..##...###
#####.........### ##
......J.J.......## #.##
......J@JJG......##...#
.....JGJJJJ...........#
......GJ.J.............
.......J.J.............
.......................
.......................
.......................
.............JJ........
.....................


You could see the Royal Jelly, 4 acid blobs, a great orb of eyes (summoned), a
large slime creature (summoned), 6 slime creatures, 3 rockslimes, 2 glowing
orange brains and a quicksilver ooze.

Vanquished Creatures
  A juggernaut (Depths:3)
  the Lernaean hydra (Swamp:4)
  2 caustic shrikes (Depths:3)
  Nikola (Swamp:2)
  A golden dragon (Depths:2)
  4 bone dragons
  3 doom hounds (Depths:3)
  3 Tzitzimimeh (Depths:3)
  2 hellephants (Depths:1)
  Mlioglotl (Spider:1)
  A Hell Sentinel (Abyss:2)
  Rupert (D:12)
  Jorgrun (Spider:1)
  Grunn (Depths:3)
  A tentacled monstrosity (Depths:2)
  2 liches
  A walking divine tome (Depths:3)
  5 acid blobs
  2 sphinxes
  A tentacled starspawn (Abyss:2)
  2 tengu reavers (Depths:2)
  Donald (Swamp:2)
  A shadow dragon (Depths:4)
  2 rockslimes
  An azure jelly (Slime:5)
  2 iron dragons (Depths:4)
  3 frost giants
  6 fire giants
  2 draconian scorchers (Depths:4)
  4 emperor scorpions
  9 ghost moths
  A draconian knight (Depths:4)
  The ghost of Kaporgh the Thaumaturge, a journeyman GnCj of Cheibriados (Orc:1)
  A balrug (Depths:2)
  A cacodemon (Abyss:2)
  4 spriggan defenders
  9 stone giants
  3 very ugly things (Depths:3)
  A quicksilver ooze (shapeshifter) (Depths:3)
  A broodmother (Spider:3)
  A quicksilver ooze (Slime:1)
  3 reapers
  An ophan (Abyss:2)
  3 eleionomae
  A vampire knight (Depths:2)
  6 bunyips
  A green draconian (Depths:4)
  2 red draconians (Depths:4)
  3 spark wasps
  3 white draconians (Depths:4)
  2 entropy weavers
  4 ettins
  2 fire dragons
  A green death (Depths:2)
  Josephine (D:12)
  A shambling mangrove (Swamp:4)
  2 jiangshi (Depths:2)
  3 ice dragons
  2 great orbs of eyes
  4 rakshasas
  2 catoblepae (Lair:3)
  2 boulder beetles
  25 hydras
  A spriggan air mage (Depths:3)
  5 ghost crabs
  2 ogre magi (Orc:2)
  Erolcha (Orc:2)
  2 centaur warriors (D:14)
  11 two-headed ogres
  2 radroaches
  Erica (D:10)
  5 death yaks (Lair:4)
  3 tengu warriors
  A vampire mage (Depths:2)
  10 alligators
  11 deep troll shamans
  Urug (Orc:2)
  10 deep troll earth magi
  8 hell knights
  11 hell hogs (Depths:1)
  4 spriggan berserkers
  A sixfirhy (Abyss:2)
  2 shadow wraiths
  A wretched star (Abyss:2)
  12 iron trolls
  2 pharaoh ants (Spider:2)
  3 sun moths
  4 skeletal warriors (D:15)
  3 spriggan druids
  4 steelbarb worms
  9 swamp dragons
  28 deep trolls
  3 goliath frogs
  A flayed ghost (Depths:3)
  A bog body (Swamp:2)
  A glowing orange brain (Depths:4)
  4 orb spiders
  An orc knight (Orc:2)
  A wizard (Depths:2)
  5 lindwurms
  Pikel (D:7)
  A deep elf zephyrmancer (D:15)
  2 deep elf pyromancers (D:15)
  2 necromancers (Depths:2)
  22 wolf spiders
  2 worldbinders (Abyss:2)
  3 orc sorcerers
  9 cyclopes
  3 ugly things
  4 manticores
  2 shining eyes
  6 will-o-the-wisps
  2 rust devils (Depths:2)
  3 moths of wrath
  Maurice (D:10)
  44 elephants
  3 orange demons
  4 torpor snails
  2 gargoyles
  6 black mambas
  2 eyes of devastation (Slime:3)
  A cane toad (shapeshifter) (D:15)
  10 komodo dragons
  A smoke demon (Abyss:2)
  4 unseen horrors
  4 rime drakes
  17 cane toads
  Maggie (D:6)
  A komodo dragon (shapeshifter) (Depths:2)
  5 kobold demonologists
  2 hellwings (Depths:2)
  A yaktaur (D:15)
  A freezing wraith (D:15)
  10 demonic crawlers
  A tormentor (Depths:3)
  An ancient zyme (Abyss:2)
  6 meliai
  3 tengu conjurers (D:15)
  A spectral two-headed ogre (Orc:1)
  A bloated husk (Swamp:1)
  9 trolls
  7 tyrant leeches
  2 red devils (Depths:2)
  A polar bear (shapeshifter) (D:15)
  22 hornets
  Prince Ribbit (D:7)
  A wind drake (shapeshifter) (D:14)
  17 tarantellas
  14 dream sheep
  7 polar bears
  31 slime creatures
  20 blink frogs
  A culicivora (shapeshifter) (D:13)
  A shadow (D:9)
  Sigmund (D:2)
  32 jumping spiders
  26 spriggans
  A vampire (Bailey)
  3 flying skulls (Abyss:2)
  53 yaks
  20 culicivoras
  9 wraiths
  3 wyverns
  13 large abominations
  A neqoxec (Depths:2)
  3 steam dragons
  6 basilisks
  3 water elementals
  54 redbacks
  16 vampire mosquitoes
  3 chaos spawn
  A warg (Orc:2)
  20 swamp worms
  Duvessa (D:4)
  A spectral troll (Orc:1)
  15 water moccasins
  A floating eye (shapeshifter) (Depths:1)
  A naga skeleton (Abyss:2)
  A floating eye (Depths:3)
  2 ice beasts
  6 swamp drakes (Swamp:4)
  3 black bears (Lair:5)
  17 orc warriors
  23 ogres
  8 boggarts
  43 wolves
  A lemure (D:7)
  3 phantoms (D:5)
  12 centaurs
  6 kobold brigands
  8 bullfrogs
  A gnoll sergeant (D:7)
  2 cane toad simulacra (IceCv)
  4 scorpions
  7 wights (D:7)
  Dowan (D:4)
  2 elephant simulacra (IceCv)
  11 killer bees
  3 electric eels
  8 howler monkeys
  7 vampire bats (Bailey)
  6 wolf zombies (Bailey)
  A quasit (Abyss:2)
  5 hounds
  4 jellies
  11 orc priests
  4 gnoll boudas
  Terence (D:2)
  16 orc wizards
  A hell rat (Lair:5)
  A spectral orc (Orc:1)
  8 small abominations
  19 gnolls
  9 adders
  2 shadow imps
  3 orc simulacra (Orc:1)
  3 ufetubi
  A worm (D:3)
  5 dart slugs
  62 orcs
  6 endoplasms
  2 giant cockroaches (D:2)
  7 goblins
  12 hobgoblins
  3 jackals (D:4)
  2 quokkas
  2 training dummies (D:4)
  9 ball pythons
  4 bats (D:3)
  A frilled lizard (D:1)
  15 kobolds
  22 orc zombies (Bailey)
  2 rats (D:1)
  A spectral hobgoblin (D:15)
  A starspawn tentacle (Spider:1)
1386 creatures vanquished.

Vanquished Creatures (collateral kills)
  4 hydras
4 creatures vanquished.

Vanquished Creatures (others)
  A swamp drake (Swamp:4)
  A spectral orc (Orc:1)
  An orc zombie (Bailey)
  39 foxfires
  20 fungi
  A lurking horror (Abyss:2)
  38 plants
  5 starspawn tentacles
  3 withered plants (Gauntlet)
109 creatures vanquished.

Grand Total: 1499 creatures vanquished

Notes
Turn   | Place    | Note
-------+----------+-------------------------------------------
     0 | D:1      | Kel the Gargoyle Berserker began the quest for the Orb.
     0 | D:1      | Reached XP level 1. HP: 14/14 MP: 1/1
   139 | D:1      | Reached XP level 2. HP: 7/19 MP: 2/2
   382 | D:1      | Found a faded altar of an unknown god.
   741 | D:1      | Reached ** piety under Trog
   742 | D:1      | Reached XP level 3. HP: 17/23 MP: 3/3
   866 | D:2      | Noticed Sigmund
   890 | D:2      | Killed Sigmund
   891 | D:2      | Reached skill level 5 in Axes
   891 | D:2      | Reached XP level 4. HP: 21/28 MP: 4/4
   891 | D:2      | Reached XP level 5. HP: 25/32 MP: 5/5
   986 | D:2      | Found Rinefop's Weapon Boutique.
  1169 | D:2      | Noticed Terence
  1183 | D:2      | Killed Terence
  1188 | D:2      | Reached XP level 6. HP: 32/37 MP: 6/6
  1696 | D:3      | Found a shimmering blue altar of Sif Muna.
  2422 | D:4      | Reached *** piety under Trog
  2434 | D:4      | Noticed Duvessa
  2434 | D:4      | Noticed Dowan
  2443 | D:4      | Killed Dowan
  2444 | D:4      | Reached XP level 7. HP: 41/41 MP: 7/7
  2453 | D:4      | Killed Duvessa
  2630 | D:4      | Found a snail-covered altar of Cheibriados.
  2863 | D:4      | Found an iron altar of Okawaru.
  2957 | D:5      | Entered Level 5 of the Dungeon
  3019 | D:5      | Reached XP level 8. HP: 46/46 MP: 8/8
  3113 | D:5      | Found a radiant altar of Vehumet.
  3563 | D:5      | You fall into a shaft and drop 1 floor!
  4032 | D:6      | Reached skill level 10 in Axes
  4167 | D:6      | Identified the +1 pair of boots of Pidghemo {Str+4}
  4255 | D:6      | Reached XP level 9. HP: 49/52 MP: 9/9
  4263 | D:6      | Noticed Maggie
  4279 | D:6      | Killed Maggie
  4380 | D:6      | Reached **** piety under Trog
  4395 | D:6      | Found an ornate altar of the Wu Jian Council.
  4571 | D:6      | Reached skill level 5 in Fighting
  5049 | D:7      | Found a staircase to the Ecumenical Temple.
  5074 | D:7      | Noticed Prince Ribbit
  5079 | D:7      | Killed Prince Ribbit
  5113 | D:7      | Reached skill level 5 in Armour
  5231 | D:7      | Found a basalt altar of Yredelemnul.
  5619 | D:7      | Noticed Pikel
  5629 | D:7      | Killed Pikel
  5630 | D:7      | Reached XP level 10. HP: 61/61 MP: 10/10
  6421 | D:8      | Found a white marble altar of Elyvilon.
  6630 | D:8      | Found a glowing golden altar of the Shining One.
  6860 | D:9      | Noticed a kobold demonologist
  6860 | D:9      | Noticed a kobold demonologist
  7037 | D:9      | Found a stormy altar of Qazlal.
  7312 | D:9      | Found Nuixe Hec's Weapon Boutique.
  7428 | D:8      | Killed a kobold demonologist
  7519 | D:8      | Killed a kobold demonologist
  7521 | D:8      | Reached XP level 11. HP: 69/69 MP: 11/11
  7667 | D:9      | Found a staircase to the Lair.
  7944 | D:10     | Entered Level 10 of the Dungeon
  7944 | D:10     | Noticed Maurice
  7953 | D:10     | Killed Maurice
  8145 | D:10     | Found a hide-covered altar of Uskayaw.
  8151 | D:10     | Reached ***** piety under Trog
  8183 | D:10     | Noticed Erica
  8202 | D:10     | Killed Erica
  8428 | D:10     | Found a flagged portal.
  8448 | Bailey   | Entered a bailey
  8630 | Bailey   | Reached skill level 10 in Fighting
  8681 | Bailey   | Identified the +8 chain mail of Purpose {Fly rElec Int-4
                  | Slay+6}
  8804 | Bailey   | Identified the +1 dagger of the Boar {drain, Drain Will+++
                  | Str-5 Stlth+}
  9005 | D:11     | Noticed a two-headed ogre
  9011 | D:11     | Killed a two-headed ogre
  9012 | D:11     | Reached skill level 10 in Armour
  9250 | D:11     | Received a gift from Trog
  9257 | D:11     | Reached XP level 12. HP: 78/78 MP: 12/12
  9318 | D:11     | Found Dofrosats's Armour Shop.
  9318 | D:11     | Found a staircase to the Orcish Mines.
  9439 | D:11     | Noticed a two-headed ogre
  9448 | D:11     | Killed a two-headed ogre
 10089 | D:12     | Noticed Josephine
 10094 | D:12     | Killed Josephine
 10239 | D:12     | Noticed Rupert
 10253 | D:12     | Killed Rupert
 10819 | D:13     | Found a gate leading to a gauntlet.
 10856 | Gauntlet | Entered a Gauntlet
 10856 | Gauntlet | Found a transporter.
 10856 | Gauntlet | Found a transporter.
 10860 | Gauntlet | Found a transporter.
 10860 | Gauntlet | Found a transporter.
 10870 | Gauntlet | Found a transporter.
 10878 | Gauntlet | Found a transporter.
 10880 | Gauntlet | Found a transporter.
 10880 | Gauntlet | Found a transporter.
 10884 | Gauntlet | Found a transporter.
 10920 | Gauntlet | Found a transporter.
 10920 | Gauntlet | Found a large runed translucent door.
 10940 | Gauntlet | Found a transporter.
 10966 | Gauntlet | Found a large runed translucent door.
 10986 | Gauntlet | Found a transporter.
 11001 | Gauntlet | Found a transporter.
 11003 | Gauntlet | Found a large runed translucent door.
 11003 | Gauntlet | Found a large runed translucent door.
 11004 | Gauntlet | Found a large runed translucent door.
 11004 | Gauntlet | Found a large runed translucent door.
 11005 | Gauntlet | Found a runed translucent door.
 11005 | Gauntlet | Found a large runed translucent door.
 11005 | Gauntlet | Found a runed translucent door.
 11005 | Gauntlet | Found a large runed translucent door.
 11005 | Gauntlet | Found a large runed translucent door.
 11006 | Gauntlet | Found a large runed translucent door.
 11006 | Gauntlet | Found a large runed translucent door.
 11009 | Gauntlet | Found a large runed translucent door.
 11009 | Gauntlet | Found a large runed translucent door.
 11011 | Gauntlet | Found a large runed translucent door.
 11011 | Gauntlet | Found a large runed translucent door.
 11011 | Gauntlet | Found a large runed translucent door.
 11013 | Gauntlet | Found a runed translucent gate.
 11013 | Gauntlet | Found a runed translucent gate.
 11013 | Gauntlet | Found a runed translucent gate.
 11015 | Gauntlet | Found a transporter.
 11119 | Gauntlet | Found a transporter.
 11135 | Gauntlet | Found a transporter.
 11401 | D:13     | Noticed a boulder beetle
 11416 | D:13     | Killed a boulder beetle
 11671 | D:13     | Reached XP level 13. HP: 49/87 MP: 13/13
 11876 | D:13     | Found Hiwigh's Weapon Shoppe.
 12027 | D:13     | Found a gate to the Vaults.
 13010 | D:14     | Received a gift from Trog
 13038 | D:15     | Entered Level 15 of the Dungeon
 13242 | D:15     | Noticed an ettin
 13249 | D:15     | Killed an ettin
 13295 | D:15     | Found a staircase to the Depths.
 13423 | D:15     | Found a hazy altar of Hepliaklqana.
 13995 | D:15     | Reached skill level 15 in Axes
 14198 | D:14     | Gained mutation: Your large and strong wings let you fly.
                  | [Gargoyle growth]
 14198 | D:14     | Reached XP level 14. HP: 70/95 MP: 14/14
 14367 | Lair:1   | Entered Level 1 of the Lair of Beasts
 14910 | Lair:1   | Identified the +3 trident "Ehived" {antimagic, rPois rF++
                  | Int+4 Dex-2}
 15201 | Lair:2   | Found a frozen archway.
 15211 | IceCv    | Entered an ice cave
 15558 | Lair:2   | Received a gift from Trog
 15622 | Lair:2   | Found a hole to the Spider Nest.
 15761 | Lair:2   | You are sucked into a shaft and drop 2 floors!
 15857 | Lair:4   | Found a staircase to the Slime Pits.
 15930 | Lair:4   | Found a viscous altar of Jiyva.
 16025 | Lair:4   | Reached skill level 15 in Fighting
 16257 | Lair:4   | Reached skill level 15 in Armour
 16458 | Lair:5   | Entered Level 5 of the Lair of Beasts
 16515 | Lair:5   | Reached XP level 15. HP: 74/103 MP: 15/15
 16622 | Lair:5   | Received a gift from Trog
 16945 | Lair:5   | Identified the +8 broad axe of the Boiling Point {vorpal,
                  | Fly rElec rF- rN+} (Trog gifted it to you on level 5 of the
                  | Lair of Beasts)
 16945 | Lair:5   | Received a gift from Trog
 18336 | Lair:3   | Reached XP level 16. HP: 112/112 MP: 16/16
 18379 | Lair:3   | Found an iron altar of Okawaru.
 18621 | Lair:3   | Found a blossoming altar of Fedhas.
 18874 | Lair:3   | Received a gift from Trog
 19460 | Lair:2   | Found a staircase to the Swamp.
 19793 | Orc:1    | Entered Level 1 of the Orcish Mines
 19998 | Orc:2    | Entered Level 2 of the Orcish Mines
 19998 | Orc:2    | Noticed Urug
 20009 | Orc:2    | Killed Urug
 20250 | Orc:2    | Found a staircase to the Elven Halls.
 20298 | Orc:2    | Found Ebivitos's Distillery.
 20299 | Orc:2    | Noticed Erolcha
 20312 | Orc:2    | Killed Erolcha
 20417 | Orc:1    | Found a runed translucent gate.
 20417 | Orc:1    | Found a runed translucent gate.
 20417 | Orc:1    | Found a runed translucent gate.
 20418 | Orc:1    | Noticed Kaporgh's ghost (journeyman GnCj)
 20672 | Orc:1    | Killed Kaporgh's ghost
 20785 | Orc:1    | Identified the ring "Xoturu" {rF+ Str+6 Stlth+}
 20811 | Orc:2    | Found Uskir's Weapon Emporium.
 20811 | Orc:2    | Found Mimeduc's Armour Shop.
 20827 | Orc:2    | Found Cefoehaen's Armour Shoppe.
 20828 | Orc:2    | Found Peystaq's Book Shoppe.
 21845 | Orc:1    | Received a gift from Trog
 22704 | Spider:1 | Entered Level 1 of the Spider Nest
 22720 | Spider:1 | Noticed Jorgrun
 22732 | Spider:1 | Killed Jorgrun
 22738 | Spider:1 | Noticed Mlioglotl
 22745 | Spider:1 | Noticed a tentacled starspawn
 22753 | Spider:1 | Killed Mlioglotl
 23521 | Spider:2 | Reached XP level 17. HP: 117/119 MP: 17/17
 23819 | Spider:2 | Reached ****** piety under Trog
 24507 | Spider:2 | Received a gift from Trog
 25383 | Spider:4 | Entered Level 4 of the Spider Nest
 27176 | Spider:4 | Received a gift from Trog
 27415 | Spider:4 | Reached XP level 18. HP: 128/128 MP: 1/18
 27600 | Spider:4 | Got a gossamer rune of Zot
 28433 | Swamp:1  | Entered Level 1 of the Swamp
 29161 | Swamp:2  | Noticed Donald
 29172 | Swamp:2  | Killed Donald
 29211 | Swamp:2  | Noticed Nikola
 29768 | Swamp:2  | Killed Nikola
 30155 | Swamp:3  | Noticed Roxanne
 30787 | Swamp:4  | Entered Level 4 of the Swamp
 31003 | Swamp:4  | Received a gift from Trog
 31093 | Swamp:4  | Noticed the 27-headed Lernaean hydra
 31479 | Swamp:4  | Killed the 21-headed Lernaean hydra
 31805 | Swamp:4  | Reached XP level 19. HP: 120/136 MP: 19/19
 32075 | Swamp:4  | Got a decaying rune of Zot
 32471 | Slime:1  | Entered Level 1 of the Pits of Slime
 33724 | Depths:1 | Entered Level 1 of the Depths
 34197 | Depths:1 | Found a snail-covered altar of Cheibriados.
 34280 | Depths:1 | Found a gateway to Hell.
 34280 | Depths:1 | Noticed a hellephant
 34281 | Depths:1 | Noticed a hellephant
 34715 | Depths:1 | Killed a hellephant
 35059 | Depths:1 | Killed a hellephant
 35344 | Depths:1 | Received a gift from Trog
 35385 | Depths:1 | Found a one-way gate to the infinite horrors of the Abyss.
 36227 | Depths:2 | Found a blossoming altar of Fedhas.
 36340 | Depths:2 | Identified the +12 double sword of Eternal Vigilance
                  | {vorpal, rElec rC+ MP-9}
 36806 | Depths:2 | Reached skill level 5 in Dodging
 37008 | Depths:2 | Found a one-way gate leading to the halls of Pandemonium.
 38201 | Depths:2 | Reached XP level 20. HP: 134/144 MP: 14/20
 38242 | Depths:2 | Noticed a golden dragon
 38263 | Depths:2 | Received a gift from Trog
 38270 | Depths:2 | Killed a golden dragon
 38479 | Abyss:2  | Cast into level 2 of the Abyss (a wizard)
 38514 | Abyss:2  | Found a corrupted altar of Lugonu.
 38986 | Depths:2 | Escaped the Abyss
 39918 | Depths:3 | You are sucked into a shaft and drop 1 floor!
 39918 | Depths:4 | Entered Level 4 of the Depths
 40041 | Depths:3 | Paralysed by a sphinx for 5 turns
 40050 | Depths:3 | Paralysed by a floating eye for 3 turns
 40224 | Depths:3 | Found an ancient bone altar of Kikubaaqudgha.
 40385 | Depths:3 | Found a transporter.
 40388 | Depths:3 | Found a transporter.
 40402 | Depths:3 | Noticed a juggernaut
 40406 | Depths:3 | Found a bloodstained altar of Trog.
 40415 | Depths:3 | Identified the +0 plate armour of Exclusion {Int+3}
 40429 | Depths:3 | Noticed Oxim Yjo's ghost (legendary MiBe)
 40555 | Depths:3 | Received a gift from Trog
 40715 | Depths:3 | Noticed a juggernaut
 40724 | Depths:3 | Killed a juggernaut
 40781 | Depths:3 | Noticed a caustic shrike
 40789 | Depths:3 | Killed a caustic shrike
 40800 | Depths:3 | Noticed a caustic shrike
 40808 | Depths:3 | Killed a caustic shrike
 40923 | Depths:3 | Noticed a doom hound
 40923 | Depths:3 | Noticed a doom hound
 40929 | Depths:3 | Killed a doom hound
 40932 | Depths:3 | Killed a doom hound
 40934 | Depths:3 | Noticed a Tzitzimitl
 40938 | Depths:3 | Killed a Tzitzimitl
 40940 | Depths:3 | Noticed a Tzitzimitl
 40944 | Depths:3 | Noticed a bone dragon
 40946 | Depths:3 | Killed a Tzitzimitl
 40950 | Depths:3 | Noticed a Tzitzimitl
 41008 | Depths:3 | Killed a Tzitzimitl
 41311 | Depths:3 | Killed a bone dragon
 41377 | Depths:3 | Noticed a doom hound
 41380 | Depths:3 | Noticed Grunn
 41381 | Depths:3 | Killed a doom hound
 41393 | Depths:3 | Noticed a bone dragon
 41395 | Depths:3 | Killed Grunn
 41402 | Depths:3 | Killed a bone dragon
 41403 | Depths:3 | Reached XP level 21. HP: 115/150 MP: 12/21
 41528 | Depths:3 | Identified the +10 plate armour "Linedih" {rElec rC+ Dex+2}
 41892 | Depths:4 | Found Guqun's Antique Armour Emporium.
 41943 | Depths:4 | Found a sparkling altar of Nemelex Xobeh.
 41986 | Depths:4 | Found a one-way gateway to a ziggurat.
 42289 | Depths:4 | Noticed a bone dragon
 42290 | Depths:4 | Noticed a bone dragon
 42321 | Depths:4 | Killed a bone dragon
 42329 | Depths:4 | Killed a bone dragon
 42401 | Depths:4 | Found a gate to the Realm of Zot.
 42609 | Depths:4 | Found Jinum's Armour Shop.
 42611 | Depths:4 | Found Idileid's Book Boutique.
 42620 | Depths:4 | Received a gift from Trog
 42769 | Depths:4 | Bought the +9 shadow dragon scales of the Butterfly {+Blink
                  | Regen+ Str+7 Dex-2 Stlth++++} for 2901 gold pieces
 42783 | Depths:4 | Identified the +5 trident of Governance {drain, Str+2}
 43065 | Depths:4 | Reached skill level 10 in Dodging
 45391 | Slime:4  | Gained mutation: Your magical capacity is low. (-10% MP) [a
                  | shining eye]
 45399 | Slime:4  | Gained mutation: You are frail. (-10% HP) [a shining eye]
 45601 | Slime:5  | Entered Level 5 of the Pits of Slime
 45633 | Slime:5  | Noticed the Royal Jelly
 45658 | Slime:5  | Splashed by an acid blob's acid

Illustrated notes

Levels and vault maps discovered:
D:1:      dpeg_arrival_concentric_ovals, layout_basic,
          hellmonk_ecumenical_altar_leap_of_faith, corexii_hall_statues_l,
          grunt_decor_resistance, st_stairs_8
D:2:      layout_loops_ring, serial_shops, nicolae_diamond_shop,
          kennysheep_cross_room, uniq_terence, uniq_sigmund
D:3:      layout_basic, lemuel_crystal_altar, minmay_bisected
D:4:      dreamdust_elfheim, layout_rooms, mainiacjoe_overflow_small_starburst,
          mainiacjoe_overflow_six_doors_small
D:5:      layout_basic, nicolae_vehumet_altar_sigil, minmay_stone_trees_medium,
          hangedman_abyss_or_decor_stabs
D:6:      layout_basic, nzn_wu_jian_council_hall, uniq_maggie
D:7:      layout_loops_corners, yredelemnul_altar_generic,
          minmay_temple_entry_antechambers, kennysheep_generic_room_15,
          uniq_prince_ribbit1, uniq_pikel
D:8:      layout_basic, tso_altar, lemuel_tele_altar
D:9:      layout_basic, kennysheep_mini, lair_entry_dummy, serial_shops,
          nicolae_shop_window_shopping, minivault_1
D:10:     layout_gridville, nicolae_uskayaw_dance_hall, enter_bailey_2,
          uniq_maurice, uniq_erica
D:11:     layout_irregular_city, orc_david_3, hex_tiny, hangedman_decor_push
D:12:     layout_loops_ring, hellmonk_bongcloud_opening, uniq_rupert,
          uniq_josephine
D:13:     layout_basic, david_vaults_4, serial_shops,
          nicolae_shop_bloodbath_and_beyond, gauntlet_entry_generic,
          roderic_lattice_a
D:14:     layout_loops_ring
D:15:     hangedman_depths_entry_civil_slaughter, layout_stronghold,
          serial_glass, glass_columns_c, glass_columns_a, item_on_display_a,
          item_on_display_a, minivault_4, nicolae_hepliaklqana_monster_ancestors
Lair:1:   beast_lair_carwin_large_3, layout_gridlike
Lair:2:   layout_regular_city, palyth_hydra_swamp_entry,
          hellmonk_spider_entry_life_and_decay, portal_ice_cave_entry_pillars_1
Lair:3:   layout_roguey, basic_altar, hangedman_tree_tricks,
          minmay_lindwurm_lava, grunt_megastairs_4
Lair:4:   layout_regular_city, slime_entry_1, infiniplex_staircase_pool_2
Lair:5:   minmay_lair_end_enchanted_forest, layout_gridlike,
          nicolae_lair_lil_pond, chequers_serial_rivers_small_b,
          nicolae_lair_lakeside_cave
Swamp:1:  layout_basic_swamp, evilmike_swamp_ruin_house_4
Swamp:2:  layout_basic_swamp, serial_swamp_ruin, evilmike_swamp_ruin_house_3,
          evilmike_swamp_ruin_rubble_2, infiniplex_staircase_pool, uniq_nikola,
          uniq_donald
Swamp:3:  layout_basic_swamp, hangedman_swamp_ruin_wall, uniq_roxanne
Swamp:4:  swamp_old_school, layout_basic_swamp
Spider:1: layout_spider_delve, uniq_mlioglotl, uniq_jorgrun
Spider:2: layout_chambers
Spider:3: layout_spider_delve
Spider:4: spider_rune_water, drop_trap
Slime:1:  layout_caves
Slime:2:  layout_caves
Slime:3:  layout_caves
Slime:4:  layout_caves
Slime:5
Orc:1:    layout_caves, gammafunk_ghost_necromancy, mines1_david
Orc:2:    st_orc_open, layout_caves, basic_altar, serial_shops, shop_fountains,
          uniq_urug, uniq_erolcha
Depths:1: layout_gridlike, abyss_entry, grunt_hell_horde,
          serial_sigils_hangedman_clutch, cheibriados_altar_1
Depths:2: hourglass_vault, layout_gridlike, pf_dread_powers_of_hell,
          grunt_pan_entry_in_and_out, abyss_entry_crystal, fedhas_altar_4,
          horrible_house_mu
Depths:3: minmay_two_paths, layout_basic, kiku_gazebo_pond_becter,
          grunt_hell_entry_dis_grunt, gammafunk_ghost_wrathful_warriors,
          minmay_room_of_horrors, uniq_josephina, uniq_grunn
Depths:4: grunt_zot_entry_funnels, layout_basic, enter_ziggurat_f, hell_entry,
          hangedman_abyss_entry_splay, hex_intersection, serial_shops,
          nicolae_shop_temple_entry_statues_fountains, serial_bayou_pond_a,
          library_closet, nemelex_diamond_rough_becter, serial_bayou_shore_b,
          minmay_shoptagon

Skill      XL: |  1  2  3  4  5  6  7  8  9 10 11 12 13 14 15 16 17 18 19 20 21 |
---------------+----------------------------------------------------------------+-----
Axes           | 3 5 7 8 10 11 12 13 14 15 16 17 18 19 20 | 20.9
Armour         | 3 6 8 10 12 13 15 16 18 19 20 21 22 | 22.2
Fighting       | 6 8 10 12 13 15 16 18 19 20 21 22 | 22.3
Dodging        | 6 9 10 | 10.4

Action                   |  1- 3 |  4- 6 |  7- 9 | 10-12 | 13-15 | 16-18 | 19-21 || total
-------------------------+-------+-------+-------+-------+-------+-------+-------++-------
Melee: Hand axe          |    77 |   115 |    77 |       |       |       |       ||   269
       Punch             |       |     1 |     2 |     2 |       |       |       ||     5
       War axe           |       |       |   112 |       |       |       |       ||   112
       Broad axe         |       |       |    72 |   289 |       |       |       ||   361
       Executioner's axe |       |       |       |   120 |   623 |  1028 |   912 ||  2683
       Battleaxe         |       |       |       |       |    11 |   125 |    12 ||   148
       Unarmed           |       |       |       |       |    43 |     8 |       ||    51
Invok: Berserk           |     1 |     2 |     5 |    10 |    15 |    15 |    27 ||    75
       Trog's Hand       |       |       |     1 |       |       |     1 |       ||     2
 Abil: Evoke Blink       |       |       |       |       |       |       |     1 ||     1
Evoke: Wand              |       |       |       |       |     1 |       |       ||     1
  Use: Scroll            |       |     5 |     5 |     6 |    12 |    29 |     6 ||    63
       Potion            |       |       |     1 |     3 |     6 |    14 |     5 ||    29
 Stab: Distracted        |       |       |       |       |     2 |       |     1 ||     3
       Sleeping          |       |       |       |       |       |       |     2 ||     2
Armor: Scale mail        |    24 |    14 |       |       |       |       |       ||    38
       Plate armour      |       |    57 |   166 |   211 |       |       |    89 ||   523
       Chain mail        |       |       |       |   165 |   754 |  1498 |   628 ||  3045
       Shadow dragon sca |       |       |       |       |       |       |   106 ||   106
Dodge: Dodged            |    36 |    41 |    85 |   216 |   666 |  1042 |   595 ||  2681
